AoeStats
← alecsmonti

Black Forest

510178299Analyzed
4v4 RM · 2d ago on Sep 29, 2026· 142m 23s· 8 players
Game mode
Random Map
Map size
Large (8 player)
Population
200
Speed
Normal
Resources
Standard
Victory
Conquest
Starting age
Dark Age
Ending age
Imperial Age
RankedLock teamsTeams togetherTeam positionsShared explorationLock speedFull tech treeHidden civsTurbo modeCheats
Victory
Defeat
🇮🇹 Maya · Italy
663
+17
🇹🇷 Vietnamese · Türkiye
640
+18
🇹🇷 Turks · Türkiye
634
+18
🇬🇧 Byzantines · United Kingdom
626
+18
🇩🇪 Romans · Germany
838
-24
🇵🇪 Vietnamese · Peru
631
-16
🇩🇪 Britons · Germany
625
-16
🇩🇪 Wei · Germany
612
-15
EmreKGvar
5:33 Loom
11:22 Feudal Age
12:31 Double-Bit Axe
13:34 Horse Collar
20:43 Castle Age
19:39 Gold Mining
19:44 Stone Mining
23:34 Heavy Plow
27:27 Gold Shaft Mining
28:25 Wheelbarrow
34:52 Imperial Age
32:45 Hand Cart
35:55 Bow Saw
38:04 Bombard Tower
39:06 Conscription
39:11 Artillery
39:32 Town Watch
46:33 Caravan
87:08 Elite Janissary
athmaniac
2:01 Loom
13:38 Feudal Age
18:30 Castle Age
17:11 Double-Bit Axe
17:10 Horse Collar
20:19 Bow Saw
20:10 Stone Mining
22:28 Heavy Plow
25:07 Stone Shaft Mining
29:31 Gold Mining
31:08 Scale Barding Armor
31:14 Forging
30:56 Fletching
35:47 Imperial Age
34:14 Scale Mail Armor
34:51 Iron Casting
34:37 Chain Barding Armor
34:16 Bodkin Arrow
34:36 Caravan
34:52 Murder Holes
34:38 Treadmill Crane
36:10 Greek Fire
35:32 Pikeman
36:13 Squires
35:59 Gambesons
35:35 Man-at-Arms
36:01 Arson
37:05 Conscription
36:26 Elite Varangian Guard
37:20 Scale Mail Armor
37:56 Plate Barding Armor
38:01 Gold Shaft Mining
38:26 Wheelbarrow
38:58 Two-Man Saw
38:18 Chain Mail Armor
39:59 Chemistry
38:27 Cavalier
39:07 Husbandry
40:43 Plate Mail Armor
40:50 Crop Rotation
41:16 Hand Cart
40:41 Paladin
43:06 Ballistics
43:07 Bombard Tower
42:38 Guard Tower
43:00 Fortified Wall
44:46 Hoardings
44:23 Logistica
43:35 Elite Cataphract
45:25 Halberdier
45:28 Long Swordsman
47:55 Keep
54:09 Two-Handed Swordsman
55:17 Bracer
55:17 Padded Archer Armor
56:37 Light Cavalry
75:58 Champion
77:06 Light Cavalry
79:26 Hussar
83:20 Leather Archer Armor
102:09 Arrowslits
107:49 Elite Skirmisher
109:16 Imperial Skirmisher
117:05 Ring Archer Armor
FENERBAHCE
12:05 Feudal Age
19:18 Horse Collar
19:33 Gold Mining
19:34 Stone Mining
19:54 Double-Bit Axe
26:21 Castle Age
27:35 Bow Saw
27:29 Heavy Plow
32:27 Imperial Age
32:47 Elite Rattan Archer
34:59 Paper Money
39:05 Chatras
38:36 Sappers
39:42 Hoardings
39:22 Caravan
41:16 Crop Rotation
42:29 Two-Man Saw
42:31 Stone Shaft Mining
45:36 Chemistry
44:53 Siege Engineers
47:09 Onager
48:39 Elite Battle Elephant
53:31 Padded Archer Armor
53:22 Fletching
53:42 Forging
53:33 Scale Mail Armor
53:39 Scale Barding Armor
54:25 Capped Ram
55:59 Leather Archer Armor
55:40 Bodkin Arrow
56:20 Iron Casting
57:11 Chain Mail Armor
57:19 Chain Barding Armor
71:50 Ring Archer Armor
72:01 Bracer
74:17 Husbandry
74:32 Bloodlines
75:25 Plate Mail Armor
76:05 Plate Barding Armor
129:31 Cavalier
136:58 Elite Skirmisher
137:45 Thumb Ring
alecsmonti
0:47 Loom
15:10 Feudal Age
17:05 Double-Bit Axe
17:42 Horse Collar
21:20 Wheelbarrow
22:08 Gold Mining
22:09 Stone Mining
27:16 Castle Age
30:15 Heavy Plow
31:09 Bow Saw
31:49 Stone Shaft Mining
32:45 Caravan
34:00 Hand Cart
35:05 Fortified Wall
35:07 Masonry
34:38 Treadmill Crane
36:18 Ballistics
35:55 Murder Holes
42:13 Imperial Age
39:32 Town Watch
39:46 Fletching
39:56 Padded Archer Armor
41:09 Thumb Ring
41:48 Town Patrol
43:15 Guilds
42:37 Elite Plumed Archer
43:38 Conscription
43:54 Hoardings
43:59 Architecture
44:30 Chemistry
43:33 Bodkin Arrow
43:54 Leather Archer Armor
44:47 Two-Man Saw
44:37 Crop Rotation
44:16 Bracer
45:41 Ring Archer Armor
62:32 Forging
62:23 Scale Mail Armor
63:06 Holcans
62:39 Hul'che Javelineers
64:15 Iron Casting
63:10 Eagle Warrior
63:51 Squires
63:36 Arson
64:19 Elite Eagle Warrior
65:22 Chain Mail Armor
66:09 Blast Furnace
66:34 Plate Mail Armor
103:28 Capped Ram
110:19 Siege Ram
AramPseudoGerman
13:02 Feudal Age
13:44 Double-Bit Axe
13:43 Horse Collar
14:40 Wheelbarrow
20:03 Castle Age
19:36 Gold Mining
21:02 Hand Cart
20:49 Heavy Plow
21:03 Bow Saw
24:29 Forging
24:20 Scale Mail Armor
25:33 Fortified Wall
26:32 Caravan
27:54 Gold Shaft Mining
30:31 Imperial Age
28:33 Stone Mining
31:10 Chain Mail Armor
31:31 Iron Casting
32:06 Crop Rotation
31:07 Man-at-Arms
32:03 Long Swordsman
32:57 Guilds
33:42 Squires
35:07 Blast Furnace
34:17 Legionary
36:11 Conscription
36:15 Comitatenses
36:02 Ballistas
37:04 Heavy Scorpion
37:53 Scale Barding Armor
38:23 Elite Centurion
39:44 Ballistics
40:26 Chemistry
39:32 Siege Engineers
39:40 Masonry
40:34 Chain Barding Armor
41:54 Plate Barding Armor
41:10 Onager
42:29 Pikeman
45:22 Husbandry
45:33 Bloodlines
51:09 Padded Archer Armor
50:59 Fletching
51:18 Elite Skirmisher
51:36 Light Cavalry
52:25 Imperial Skirmisher
53:23 Leather Archer Armor
53:04 Bodkin Arrow
55:21 Architecture
56:04 Ring Archer Armor
59:22 Coinage
61:20 Banking
66:02 Halberdier
117:23 Loom
Destiny9x
11:39 Feudal Age
13:15 Double-Bit Axe
14:02 Horse Collar
13:46 Man-at-Arms
19:03 Forging
18:53 Scale Mail Armor
23:18 Castle Age
21:16 Horse Collar
21:36 Gold Mining
24:49 Bow Saw
25:17 Iron Casting
24:57 Chain Mail Armor
24:04 Long Swordsman
24:30 Gambesons
28:42 Caravan
34:16 Imperial Age
32:52 Heated Shot
33:23 Ballistics
32:44 Treadmill Crane
34:57 Gold Shaft Mining
34:12 Stone Mining
35:34 Heavy Plow
35:09 Two-Handed Swordsman
36:51 Chemistry
36:26 Elite Longbowman
40:01 Blast Furnace
39:31 Plate Mail Armor
40:49 Wheelbarrow
42:07 Hand Cart
43:03 Yeomen
43:07 Conscription
45:15 Onager
62:54 Fletching
63:04 Padded Archer Armor
63:44 Bodkin Arrow
64:55 Bracer
65:10 Leather Archer Armor
67:13 Ring Archer Armor
111:03 Two-Man Saw
Ser_Gen_T
11:51 Feudal Age
12:12 Horse Collar
12:19 Double-Bit Axe
20:00 Castle Age
20:49 Gold Mining
21:30 Bow Saw
21:25 Heavy Plow
24:26 Gold Shaft Mining
25:00 Stone Mining
25:25 Forging
27:19 Stone Shaft Mining
33:40 Imperial Age
32:51 Iron Casting
33:57 Tuntian
34:22 Scale Barding Armor
34:58 Crop Rotation
40:00 Ming Guang Armor
40:00 Conscription
40:03 Chain Barding Armor
40:44 Blast Furnace
39:51 Husbandry
39:15 Heavy Hei Guang Cavalry
40:08 Bloodlines
40:25 Caravan
41:13 Elite Tiger Cavalry
44:44 Scale Mail Armor
60:53 Elite Skirmisher
61:41 Padded Archer Armor
61:33 Fletching
62:47 Imperial Skirmisher
78:26 Leather Archer Armor
78:07 Bodkin Arrow
91:33 Coinage
93:11 Banking
Althair
11:04 Feudal Age
11:34 Double-Bit Axe
11:43 Gold Mining
12:10 Horse Collar
17:53 Wheelbarrow
17:31 Arson
24:41 Castle Age
25:32 Bow Saw
25:25 Heavy Plow
24:55 Pikeman
25:36 Squires
26:59 Hand Cart
26:48 Caravan
26:54 Stone Mining
35:25 Stone Shaft Mining
38:10 Imperial Age
39:13 Ballistics
39:54 Chemistry
38:50 Arrowslits
39:08 Fletching
39:24 Padded Archer Armor
40:03 Theocracy
41:40 Leather Archer Armor
41:20 Bodkin Arrow
41:35 Forging
41:26 Scale Mail Armor
41:31 Scale Barding Armor
40:50 Crossbowman
41:36 Thumb Ring
40:52 Elite Skirmisher
40:53 Heavy Cavalry Archer
40:57 Halberdier
40:58 Man-at-Arms
41:00 Elite Fire Lancer
41:44 Husbandry
41:54 Bloodlines
41:06 Light Cavalry
41:14 Cavalier
42:49 Paper Money
43:31 Crop Rotation
45:14 Arbalester
45:18 Imperial Skirmisher
45:25 Elite Rattan Archer
46:09 Chatras
46:52 Bombard Tower
46:14 Treadmill Crane
46:34 Herbal Medicine
47:09 Capped Ram
52:03 Two-Man Saw
56:13 Block Printing
56:23 Illumination
55:59 Devotion
56:20 Sanctity
56:01 Atonement
59:21 Long Swordsman
67:35 Elite Battle Elephant
69:58 Ring Archer Armor
69:29 Bracer
70:04 Iron Casting
69:45 Chain Mail Armor
69:50 Chain Barding Armor
69:54 Faith
86:06 Plate Barding Armor
86:02 Plate Mail Armor
104:32 Onager
132:09 Two-Handed Swordsman
134:09 Champion
Connection lost

Rejoining the realm…

Still unreachable

The connection could not be restored.

Session expired

The server has moved on; the page needs a fresh start.